 Dungeon Crawl Stone Soup version 0.29-a0-841-g116ddc6ace (webtiles) character file.

Game seed: 12884305719973456648

27 omnomnOMINOUS the Sneak (level 3, -2/23 HPs)
             Began as an Octopode Wanderer on July 14, 2022.
             Was a Follower of Zin.
             Succumbed to an adder's poison
             ... on level 2 of the Dungeon on July 15, 2022.
             The game lasted 00:02:14 (880 turns).

omnomnOMINOUS the Sneak (Octopode Wanderer)          Turns: 880, Time: 00:02:15

Health: -2/23      AC:  1    Str:  5 (8)  XL:     3   Next: 10%
Magic:  4/4        EV: 12    Int: 12 (14) God:    Zin [*.....]
Gold:   36         SH:  4    Dex: 15 (16) Spells: 3/3 levels left

rFire   . . .      SeeInvis .   a - +2 dagger
rCold   . . .      Faith    .   d - +0 buckler
rNeg    . . .      Spirit   .   (helmet restricted)
rPois   .          Reflect  .   (no amulet)
rElec   .          Harm     .   (no ring)
rCorr   .          Rampage  .   (no ring)
Will    .....                   (no ring)
Stlth   ++++......              (no ring)
HPRegen 0.07/turn               (no ring)
MPRegen 0.09/turn               (no ring)
                                (no ring)
                                (no ring)

@: lethally poisoned (-2 -> -20), on recite cooldown
A: almost no armour, amphibious, 8 rings, camouflage 1, gelatinous body 1,
(nimble swimmer 1), tentacles
a: Renounce Religion, Recite, Donate Gold


You were on level 2 of the Dungeon.
You worshipped Zin.
Zin was aware of your devotion.
You visited 1 branch of the dungeon, and saw 2 of its levels.

You collected 40 gold pieces.
You donated 4 gold pieces to Zin.

Inventory:

Hand Weapons
 a - a +2 dagger (weapon)
 b - a +0 spear
Missiles
 f - a throwing net (quivered)
Armour
 d - a +0 buckler (worn)
Scrolls
 e - a scroll of fear
 h - a scroll of amnesia {unknown}
 j - a scroll of enchant weapon {unknown}
 k - a scroll of magic mapping {unknown}
 m - a scroll of blinking {unknown}
 n - a scroll of identify {unknown}
Potions
 i - a potion of haste {unknown}
 l - a potion of ambrosia {unknown}
 o - a potion of might {unknown}


   Skills:
 + Level 1.4 Fighting
 + Level 2.3 Polearms
 - Level 1.0 Throwing
 + Level 1.0 Dodging
 - Level 6.6 Stealth
 + Level 1.4 Shields
 + Level 0.8 Spellcasting
 + Level 0.3 Invocations


You had 3 spell levels left.
You didn't know any spells.
Your spell library was empty.

Dungeon Overview and Level Annotations

Branches:
Dungeon (2/15)

Altars:
Zin


Innate Abilities, Weirdness & Mutations

You cannot wear most types of armour.
You are amphibious.
You can wear up to eight rings at the same time.
Your skin changes colour to match your surroundings (Stealth+).
Your rubbery body absorbs attacks. (AC +1, EV +1)
((You are camouflaged when in or above water. (Stealth+)))
You have tentacles for arms and can constrict up to eight enemies at once.


Message History

* * * LOW HITPOINT WARNING * * *
The adder bites you.
* * * LOW HITPOINT WARNING * * *
You feel much better.
You feel sick. The adder bites you. You block the worm's attack.
You feel sick.
You miss the adder. You grab the adder. You squeeze the adder.
The adder is severely wounded.
You constrict the adder, but do no damage.
You feel sick. The adder bites you. The adder misses you.
You hit the adder but do no damage. You squeeze the adder.
The adder is almost dead.
You constrict the adder.
You kill the adder!
You feel sick. The adder closely misses you.
Your Dodging skill increases to level 1!
You have reached level 3!
Your experience leads to an increase in your attributes!
Increase (S)trength, (I)ntelligence, or (D)exterity?
You feel clever. x2
You closely miss the adder. Your grab misses the adder.
You tentacle-slap the adder.
The adder is moderately wounded.
You feel sick. The adder bites you.
You are lethally poisoned!
The adder poisons you!
You closely miss the adder. Your grab misses the adder.
The adder is moderately wounded.
* * * LOW HITPOINT WARNING * * *
You feel sick. The adder bites you.
* * * LOW HITPOINT WARNING * * *
You are more poisoned.
The adder poisons you! The adder bites you.
* * * LOW HITPOINT WARNING * * *
You are more poisoned.
The adder poisons you!
It was a potion of degeneration.
There was something very wrong with that liquid.
You feel weakened.
You feel dopey.
You feel clumsy.
You die...

# . #. . #.# ## .# .
#..#### .##.# #.#
#.@Sg### ..#.#...#
####w..####.....#
#######...##.....###
#....S......<.......
#...###.###.####.##..
# #.# #... ... ####..
#.#. ... #. .. .#


You could see a worm, an adder and a hobgoblin.

Vanquished Creatures
  An adder (D:2)
  3 endoplasms (D:1)
  2 giant cockroaches (D:1)
  A goblin (D:1)
  A hobgoblin (D:1)
  A kobold (D:1)
  A ball python (D:1)
  3 bats (D:1)
  A frilled lizard (D:1)
  4 rats (D:1)
18 creatures vanquished.

Notes
Turn   | Place    | Note
-------+----------+-------------------------------------------
     0 | D:1      | omnomnOMINOUS the Octopode Wanderer began the quest for the
                  | Orb.
     0 | D:1      | omnomnOMINOUS set off with the following items: a +2
                  | dagger, a potion of heal wounds, a +0 spear, a +0 buckler,
                  | a scroll of fear.
     0 | D:1      | Reached XP level 1. HP: 13/13 MP: 1/1
   135 | D:1      | Reached XP level 2. HP: 18/18 MP: 2/2
   700 | D:1      | Found a faded altar of an unknown god.
   777 | D:1      | Prayed at the altar of an unknown god.
   777 | D:1      | Became a worshipper of Zin the Law-Giver
   777 | D:1      | Reached * piety under Zin
   878 | D:2      | Reached skill level 1 in Dodging
   878 | D:2      | Reached XP level 3. HP: 10/23 MP: 4/4
   880 | D:2      | Succumbed to an adder's poison

Illustrated notes

Levels and vault maps discovered:
D:1:      dpeg_arrival_shrine, layout_loops_ring, ebering_ecumenical_altar_rust
D:2:      layout_rooms

Skill      XL: |  1  2 |
---------------+-------+-----
Dodging        | 1 |  1.0
Fighting       | |  1.4
Polearms       | |  2.3
Throwing       | |  1.0
Stealth        | |  6.6
Shields        | |  1.4
Spellcasting   | |  0.8
Invocations    | |  0.3

Action                   || total
-------------------------++-------
Melee: Dagger            ||    30
       Constrict         ||     6
       Tentacles         ||     4
       Punch             ||     1
Invok: Recite            ||     1
  Use: Potion            ||     3
 Stab: Sleeping          ||     8
Dodge: Dodged            ||    16
Block: Buckler           ||     4

Table legend: (Time is in decaauts)
 A = Elapsed time spent in this place.
 B = Non-inter-level travel time spent in this place.
 C = Inter-level travel time spent in this place.
 D = Time resting spent in this place.
 E = Time spent auto-exploring this place.
 F = Levels seen in this place.
 G = Mean time per level.
                   A        B        C        D        E       F      G
               +--------+--------+--------+--------+--------+-----+--------+
         Total |    881 |    838 |     43 |      0 |    680 |   2 |  440.5 |
       Dungeon |    881 |    838 |     43 |      0 |    680 |   2 |  440.5 |
               +--------+--------+--------+--------+--------+-----+--------+

Top non-repeatable levels by time:
     D:1: 860 daAuts
     D:2: 21 daAuts
